 Dungeon Crawl Stone Soup version 0.29-a0-11-ga75d3d97ab (webtiles) character file.

Game seed: 2615772159472144075

4 quinnr the Gusty (level 1, -1/15 HPs)
             Began as a Tengu Air Elementalist on Jan 29, 2022.
             Succumbed to a kobold's poison
             ... on level 1 of the Dungeon.
             The game lasted 00:00:53 (98 turns).

quinnr the Gusty (Tengu Air Elementalist)             Turns: 98, Time: 00:00:54

Health: -1/15      AC: 20    Str:  8    XL:     1   Next: 60%
Magic:  0/4        EV:  2    Int: 15    God:
Gold:   27         SH:  0    Dex: 14    Spells: 3/4 levels left

rFire   . . .      SeeInvis .   (no weapon)
rCold   . . .      Faith    .   (no shield)
rNeg    . . .      Spirit   .   (armour currently unavailable)
rPois   +          Reflect  .   (helmet currently unavailable)
rElec   .          Harm     .   (cloak currently unavailable)
rCorr   .          Rampage  .   (gloves currently unavailable)
Will    .....      NoTele   +   (boots unavailable)
Stlth   ++........              (no amulet)
HPRegen 0.05/turn               (no ring)
MPRegen 0.09/turn               (no ring)

@: lethally poisoned (-1 -> -6), tree-form
A: stationary, stasis, torment immunity, boosted hp, (beak), (talons 3)
a: no special abilities


You were on level 1 of the Dungeon.
You were a tree.
You visited 1 branch of the dungeon, and saw 1 of its levels.

You collected 27 gold pieces.

Inventory:

Armour
 a - a +0 robe (melded)
Scrolls
 b - a scroll of magic mapping {unknown}


   Skills:
 + Level 2.2 Dodging
 + Level 2.1 Stealth
 + Level 2.0 Spellcasting
 + Level 1.5 Conjurations
 + Level 4.1 Air Magic


You had 3 spell levels left.
You knew the following spells:

 Your Spells              Type           Power      Damage    Failure   Level
a - Shock                 Conj/Air       40%        1d5       7%          1

Your spell library contained the following spells:

 Spells                   Type           Power      Damage    Failure   Level
 Static Discharge         Conj/Air       10%        N/A       11%         2
 Swiftness                Air            13%        N/A       12%         3
 Airstrike                Air            6%         N/A       38%         4


Dungeon Overview and Level Annotations

Branches:
Dungeon (1/15)

Altars:


Innate Abilities, Weirdness & Mutations

You are a tree.
Your roots penetrate the ground, keeping you stationary.
You cannot be teleported.
You are immune to unholy pain and torment.
Your maximum health is greatly increased.
Your equipment is partially melded.
((You have a beak for a mouth.))
((You have claws for feet.))


Message History

The zap hits the giant cockroach.
You kill the giant cockroach!
The zap hits the kobold.
The kobold is severely wounded.
The kobold shouts!
You hear a shout!
The zap misses the kobold.
You are too depleted to draw on your mana recklessly!
You are too depleted to draw on your mana recklessly!
You are too depleted to draw on your mana recklessly!
You are too depleted to draw on your mana recklessly!
You barely miss the kobold.
The kobold is moderately wounded.
The kobold hits you with a +0 club.
You hit the kobold.
You kill the kobold!
The zap hits the kobold.
The kobold is moderately wounded.
The kobold barely misses you.
Your magical contamination has completely faded away.
Unknown command.
You are too depleted to draw on your mana recklessly!
You barely miss the kobold. You claw the kobold, but do no damage.
Your peck misses the kobold.
The kobold is moderately wounded.
The kobold hits you but does no damage.
You are lethally poisoned!
You barely miss the kobold. You peck the kobold.
You kill the kobold!
* * * LOW HITPOINT WARNING * * *
You feel very sick.
* * * LOW HITPOINT WARNING * * *
You feel sick.
Things that are here:
a +0 short sword of venom; a +0 club; a kobold corpse Unknown command.
It was a potion of lignification.
You turn into a tree.
Your +0 robe melds into your body.
Your roots penetrate the ground.
* * * LOW HITPOINT WARNING * * *
You feel sick.
You die...

..#####'###... #....#
..###.....##..##....#
..##.⌠...⌠.##..#.#....#
###....8....##..†#.#K..#
#...⌠...⌠...###.#.# #.#
...............#.#.. #
.8.8.#####.8.8.#.###
..8..#.<.#..8.)#.#
.8.8.#+#'#.8.8.#♣#
..............#.#
################.#
....... #.......#
####.## #.##...## ......
#... ...... #... #....#
..... ...... ......


There were no monsters in sight!

Vanquished Creatures
  A giant cockroach (D:1)
  3 kobolds (D:1)
  A rat (D:1)
5 creatures vanquished.

Notes
Turn   | Place    | Note
-------+----------+-------------------------------------------
     0 | D:1      | quinnr the Tengu Air Elementalist began the quest for the
                  | Orb.
     0 | D:1      | Reached XP level 1. HP: 10/10 MP: 4/4
    96 | D:1      | HP: 1/10 [poisoned by a kobold]
    98 | D:1      | Succumbed to a kobold's poison

Illustrated notes

Levels and vault maps discovered:
D:1:      ncdulo_halloftheorcs, layout_rooms, hellmonk_ecumenical_altar_blasted

Action                   || total
-------------------------++-------
Melee: Unarmed           ||     4
       Kick              ||     1
       Peck              ||     1
 Cast: Shock             ||     6
  Use: Potion            ||     1
Armor: Robe              ||     1
Dodge: Dodged            ||     1

Table legend: (Time is in decaauts)
 A = Elapsed time spent in this place.
 B = Non-inter-level travel time spent in this place.
 C = Inter-level travel time spent in this place.
 D = Time resting spent in this place.
 E = Time spent auto-exploring this place.
 F = Levels seen in this place.
 G = Mean time per level.
                   A        B        C        D        E       F      G
               +--------+--------+--------+--------+--------+-----+--------+
         Total |     98 |     98 |      0 |      0 |     62 |   1 |   98.0 |
       Dungeon |     98 |     98 |      0 |      0 |     62 |   1 |   98.0 |
               +--------+--------+--------+--------+--------+-----+--------+

Top non-repeatable levels by time:
     D:1: 98 daAuts
